 Dungeon Crawl Stone Soup version 0.14.2 (webtiles) character file.

137 Grimoiregrey the Cudgeler (level 3, -2/31 HPs)
             Began as a Minotaur Fighter on Jan 20, 2018.
             Slain by a gnoll
             ... wielding a +0,+0 spear
              (5 damage)
             ... on Level 3 of the Dungeon.
             The game lasted 00:13:47 (2235 turns).

Grimoiregrey the Cudgeler (Minotaur Fighter)        Turns: 2235, Time: 00:13:47

HP  -2/31        AC  6     Str 20      XL: 3   Next: 83%
MP   2/2         EV  6     Int  5      God:
Gold 76          SH 18     Dex 10      Spells:  0 memorised,  2 levels left

rFire  . . .     SeeInvis .     a - +0 flail
rCold  . . .     Clarity  .     b - +0 scale mail
rNeg   . . .     Conserve .     c - +0 shield
rPois  +         rCorr    .     (helmet restricted)
rElec  .         rRot     .     (no cloak)
SustAb . .       Spirit   .     (no gloves)
rMut   .         Warding  .     (no boots)
Saprov . . .     Stasis   .     (no amulet)
MR     .....                    (no ring)
                                g - ring of poison resistance

@: not resistant to hostile enchantments, extremely unstealthy
A: retaliatory headbutt, horns 2
a: no special abilities


You were on level 3 of the Dungeon.
You were hungry.

You visited 1 branch of the dungeon, and saw 4 of its levels.

You collected 76 gold pieces.

Inventory:

Hand weapons
 a - a +0,+0 flail (weapon)
Armour
 b - a +0 scale mail (worn)
 c - a +0 shield (worn)
Comestibles
 d - 3 bread rations
 i - an apple
Scrolls
 f - 5 scrolls of identify
 h - a scroll of enchant weapon II {unknown}
 j - 2 scrolls of magic mapping {unknown}
 m - a scroll of amnesia {unknown}
 n - 2 scrolls of teleportation {unknown}
 o - 2 scrolls of remove curse {unknown}
 r - a scroll of immolation {unknown}
 s - a scroll of random uselessness {unknown}
 t - 2 scrolls of fog {unknown}
 y - 4 scrolls of enchant weapon I {unknown}
Jewellery
 g - a ring of poison resistance (left hand)
 v - a cursed ring of teleportation
 x - an uncursed ring of positive energy
Potions
 e - a potion of might
 k - 2 potions of flight
 l - a potion of heal wounds
 p - a potion of agility
 q - a potion of brilliance {unknown}
 u - a potion of restore abilities {unknown}
 w - a potion of paralysis {unknown}


   Skills:
 - Level 3.6 Fighting
 + Level 5.0 Maces & Flails
 - Level 3.6 Armour
 - Level 3.8 Shields


You had 2 spell levels left.
You didn't know any spells.

Dungeon Overview and Level Annotations

Branches:
Dungeon (4/15)
 Temple: D:4-7

Altars:
Kikubaaqudgha


Innate Abilities, Weirdness & Mutations

You reflexively headbutt those who attack you in melee.
You have a pair of horns on your head.


Message History

The adder bites you but does no damage. The adder barely misses you.
You miss the adder. You headbutt the adder!
You kill the adder!
Your Maces & Flails skill increases to level 5!
You block the gnoll's attack. The gnoll hits you with a spear.
The gnoll hits you with a club. The gnoll hits you but does no damage.
You closely miss the gnoll. The gnoll hits you but does no damage.
The gnoll hits you but does no damage. x2
The gnoll barely misses you.
You hit the gnoll.
The gnoll is lightly wounded.
The gnoll hits you but does no damage. The gnoll hits you with a club!
* * * LOW HITPOINT WARNING * * *
The gnoll barely misses you. The gnoll hits you but does no damage.
You barely miss the gnoll. You headbutt the gnoll.
The gnoll is severely wounded.
The gnoll hits you but does no damage.
The gnoll hits you from afar with a spear.
You die...

########.# #. #........#
#..# ######### #.######.#
#..# #......>####.# #.##..#
#.#####......# #.#..# ###.#
#.######## ##...# #...#
#........###...## #.#.#
#.## #.....### #.#.#####.#
#@###...# #.#.......#
##g####...#
.........######.gg.......#
#.###.#...#..........###..#
#.##........###..###.# #..
#......... #..!..).# #
#.##.................#
.............#.....#.#
#.)....#...#.#.....# ..


You could see 3 gnolls.

Vanquished Creatures
  An adder (D:3)
  2 giant geckos
  A ball python (D:3)
  4 bats
  3 giant cockroaches
  3 hobgoblins
  3 jackals (D:3)
  6 kobolds
  3 oozes
  A quokka (D:3)
  2 giant newts (D:1)
  9 goblins
  8 rats
46 creatures vanquished.

Notes
Turn   | Place    | Note
--------------------------------------------------------------
     0 | D:1      | Grimoiregrey, the Minotaur Fighter, began the quest for the Orb.
     0 | D:1      | Reached XP level 1. HP: 19/19 MP: 1/1
   474 | D:1      | Reached XP level 2. HP: 26/26 MP: 1/1
  1407 | D:2      | Reached skill level 4 in Maces & Flails
  1541 | D:2      | Reached XP level 3. HP: 31/31 MP: 2/2
  1932 | D:3      | Found an ancient bone altar of Kikubaaqudgha.
  2230 | D:3      | Reached skill level 5 in Maces & Flails
  2235 | D:3      | Slain by a gnoll

Action                   || total
-------------------------++-------
Melee: Flail             ||   123
  Use: Scroll            ||     3
